 Dungeon Crawl Stone Soup version 0.28.0-47-ge53b351184 (webtiles) character file.

Game seed: 11824810111109992869

48 Zeld the Conjurer (level 3, 0/29 HPs)
             Began as a Draconian Conjurer on Apr 29, 2022.
             Slain by a hobgoblin (2 damage)
             ... led by Robin
             ... on level 2 of the Dungeon.
             The game lasted 00:01:40 (2144 turns).

Zeld the Conjurer (Draconian Conjurer)              Turns: 2144, Time: 00:01:41

Health: 0/29       AC:  6    Str:  9    XL:     3   Next: 50%
Magic:  0/6        EV: 12    Int: 20    God:
Gold:   81         SH:  0    Dex:  9    Spells: 4/7 levels left

rFire   . . .      SeeInvis .   (no weapon)
rCold   . . .      Faith    .   (no shield)
rNeg    . . .      Spirit   .   (armour unavailable)
rPois   .          Reflect  .   (helmet restricted)
rElec   .          Harm     .   (no cloak)
rCorr   .          Rampage  .   e - +0 pair of gloves
Will    .....                   (no boots)
Stlth   ++........              (no amulet)
HPRegen 0.09/turn               (no ring)
MPRegen 0.10/turn               (no ring)

@: no status effects
A: AC +5, unfitting armour, cold-blooded
a: no special abilities


You were on level 2 of the Dungeon.
You visited 1 branch of the dungeon, and saw 2 of its levels.

You collected 81 gold pieces.

Inventory:

Armour
 e - a +0 pair of gloves (worn)
Scrolls
 a - 2 scrolls of identify {unknown}
 c - 2 scrolls of amnesia {unknown}
 d - a scroll of noise {unknown}
Potions
 b - a potion of might {unknown}
 f - a potion of mutation {unknown}


   Skills:
 * Level 1.7 Fighting
 + Level 2.0 Dodging
 + Level 2.1 Stealth
 * Level 2.5 Spellcasting
 * Level 4.3 Conjurations


You had 4 spell levels left.
You knew the following spells:

 Your Spells              Type           Power      Damage    Failure   Level
a - Magic Dart            Conj           76%        1d6       2%          1
b - Searing Ray           Conj           38%        2d5       3%          2

Your spell library contained the following spells:

 Spells                   Type           Power      Damage    Failure   Level
 Dazzling Flash           Conj/Hex       22%        N/A       19%         3
 Fulminant Prism          Conj/Hex       5%         3d7       52%         4
 Iskenderun's Mystic Bla  Conj/Tloc      11%        2d4       52%         4


Dungeon Overview and Level Annotations

Branches:
Dungeon (2/15)

Altars:

Shops:
D:1 [

Annotations:
D:2 Robin


Innate Abilities, Weirdness & Mutations

Your plain brown scales are hard. (AC +5)
You cannot fit into any form of body armour.
You are cold-blooded and may be slowed by cold attacks.


Message History

The goblin closely misses you. The hobgoblin barely misses you.
Unknown command.
Casting: Magic Dart (safe; 2% risk of failure)
Confirm with . or Enter, or press ? or * to list all spells.
Aiming: Magic Dart (safe; 2% risk of failure)
Press: ? - help, Shift-Dir - straight line The magic dart hits the goblin.
You kill the goblin!
Robin throws the goblin at you! The hobgoblin barely misses you.
The goblin hits you with a +0 club.
* * * LOW HITPOINT WARNING * * *
You barely miss the goblin.
Your tail-slap misses the goblin.
The hobgoblin closely misses you. The goblin barely misses you.
Unknown command.
You barely miss the goblin. The hobgoblin hits you.
* * * LOW HITPOINT WARNING * * *
The goblin misses you.
Unknown command.
Casting: Magic Dart (safe; 2% risk of failure)
Confirm with . or Enter, or press ? or * to list all spells.
Aiming: Magic Dart (safe; 2% risk of failure)
Press: ? - help, Shift-Dir - straight line The magic dart hits the goblin.
The goblin is heavily wounded.
The hobgoblin hits you but does no damage.
The goblin hits you with a +0 club.
* * * LOW HITPOINT WARNING * * *
You hit the goblin but do no damage. You tail-slap the goblin.
You kill the goblin!
Robin roars a battlecry!
The hobgoblin goes into a battle-frenzy!
The hobgoblin hits you but does no damage.
Things that are here:
a +0 club; a +0 dagger; a goblin corpse Robin throws the goblin at you!
The goblin hits you with a +0 club.
* * * LOW HITPOINT WARNING * * *
You closely miss the goblin.
Your tail-slap misses the goblin.
Robin throws the goblin at you! The goblin barely misses you.
The hobgoblin hits you.
You die...

..#
#.........#.##..#...#...##.#.
..+
+.........#..รท..#..........#.
..#
#.........#####..##.##.#####.
..# #.........# ##.##.##.## #.
..###.........# #..#.....# #.
......##......# ##.####..# #.
......##......#### #..# #..#
#. ......#........gg#
##.###..# ##
#..)..#........#@#
#..##..#####
#.....#.......<#g#
##.....##...
#.....#........#l# #.##.###.##
#.....#.####+#.#)# #....# #.#.
#.....#. ###g# #.#..# #...
#.....+


gg. #....# #### #.....# #g# ##...# #... #....... g.. #...# #### #........ #.#
##..# You could see Robin, 2 hobgoblins, 5 goblins and a frilled lizard.

Vanquished Creatures
  A gnoll (D:1)
  A dart slug (D:1)
  4 bats
  2 endoplasms
  A giant cockroach (D:1)
  6 goblins
  2 hobgoblins
  4 jackals (D:1)
  3 kobolds
  4 ball pythons (D:1)
  A frilled lizard (D:1)
  6 rats
35 creatures vanquished.

Notes
Turn   | Place    | Note
-------+----------+-------------------------------------------
     0 | D:1      | Zeld the Draconian Conjurer began the quest for the Orb.
     0 | D:1      | Reached XP level 1. HP: 14/14 MP: 3/3
    69 | D:1      | Reached XP level 2. HP: 18/22 MP: 0/5
   131 | D:1      | Learned a level 2 spell: Searing Ray
   146 | D:1      | Reached skill level 1 in Fighting
  1070 | D:1      | Reached XP level 3. HP: 28/28 MP: 2/6
  1071 | D:1      | Found Lip Fom's Antique Armour Boutique.
  2124 | D:2      | Noticed Robin
  2143 | D:2      | HP: 1/29 [goblin/+0 club[Robin] (3)]
  2144 | D:2      | Slain by a hobgoblin

Illustrated notes

Levels and vault maps discovered:
D:1:      sevenhm_arrival_forest_fort_small_6, layout_basic, serial_shops,
          nicolae_diamond_shop, minmay_misc_feat_iff
D:2:      layout_basic, nicolae_ecumenical_lake_church, uniq_robin,
          uniq_crazy_yiuf_cottage

Skill      XL: |  1  2  3 |
---------------+----------+-----
Fighting       | 1 |  1.7
Dodging        | 2 |  2.0
Stealth        | 2 |  2.1
Spellcasting   | |  2.5
Conjurations   | |  4.3

Action                   || total
-------------------------++-------
Melee: Unarmed           ||    44
       Tailslap          ||    10
       Punch             ||     1
 Cast: Magic Dart        ||    70
Armor: Skin              ||    21
Dodge: Dodged            ||    49
